 Dungeon Crawl Stone Soup version 0.28-a0-987-g8383568036 (webtiles) character file.

Game seed: 12647868075839955662

23 Essalna the Firebug (level 2, -1/19 HPs)
             Began as a Demonspawn Fire Elementalist on Dec 4, 2021.
             Slain by a jackal (2 damage)
             ... on level 1 of the Dungeon.
             The game lasted 00:02:01 (1262 turns).

Essalna the Firebug (Demonspawn Fire Elementalist)  Turns: 1262, Time: 00:02:02

Health: -1/19      AC:  3    Str:  8    XL:     2   Next: 72%
Magic:  2/5        EV: 12    Int: 16    God:
Gold:   35         SH:  0    Dex: 13    Spells: 4/5 levels left

rFire   . . .      SeeInvis .   c - +0 short sword
rCold   . . .      Faith    .   (no shield)
rNeg    . . .      Spirit   .   a - +0 robe
rPois   .          Reflect  .   d - +0 helmet
rElec   .          Harm     .   (no cloak)
rCorr   .          Rampage  .   (no gloves)
Will    .....                   (no boots)
Stlth   ++........              (no amulet)
HPRegen 0.06/turn               (no ring)
MPRegen 0.09/turn               (no ring)

@: no status effects
A: powered by pain 1
a: no special abilities


You were on level 1 of the Dungeon.
You visited 1 branch of the dungeon, and saw 2 of its levels.

You collected 35 gold pieces.

Inventory:

Hand Weapons
 c - a +0 short sword (weapon)
Armour
 a - a +0 robe (worn)
 d - a +0 helmet (worn)
Jewellery
 b - a +6 ring of dexterity
Potions
 e - a potion of heal wounds {unknown}


   Skills:
 - Level 1.7 Dodging
 - Level 1.7 Stealth
 + Level 2.4 Spellcasting
 + Level 1.8 Conjurations
 + Level 3.0 Fire Magic


You had 4 spell levels left.
You knew the following spells:

 Your Spells              Type           Power      Damage    Failure   Level
a - Foxfire               Conj/Fire      36%        2x1d5     8%          1

Your spell library contained the following spells:

 Spells                   Type           Power      Damage    Failure   Level
 Scorch                   Fire           22%        2d6       9%          2
 Conjure Flame            Conj/Fire      9%         6-21      22%         3
 Inner Flame              Hex/Fire       6%         N/A       32%         3
 Flame Wave               Conj/Fire      9%         2d4       58%         4


Dungeon Overview and Level Annotations

Branches:
Dungeon (2/15)

Altars:


Innate Abilities, Weirdness & Mutations

You sometimes gain a little power by taking damage.


Message History

Your magical contamination has completely faded away.
You closely miss the jackal.
The jackal bites you but does no damage.
The jackal closely misses you. The jackal misses you. x2
You hit the jackal.
The jackal is heavily wounded.
The jackal bites you but does no damage.
The jackal closely misses you. The jackal barely misses you.
The jackal bites you. x2
You hit the jackal but do no damage.
The jackal is heavily wounded.
The jackal closely misses you. The jackal barely misses you.
The jackal closely misses you. x2
You closely miss the jackal.
The jackal is heavily wounded.
The jackal barely misses you. The jackal bites you.
* * * LOW HITPOINT WARNING * * *
The jackal bites you but does no damage.
The jackal barely misses you. x2
You hit the jackal but do no damage.
The jackal is heavily wounded.
The jackal closely misses you. The jackal barely misses you.
The jackal misses you. The jackal closely misses you.
You hit the jackal.
You kill the jackal!
The jackal barely misses you.
The jackal bites you but does no damage.
The jackal barely misses you. The jackal bites you.
* * * LOW HITPOINT WARNING * * *
The jackal barely misses you.
Casting: Foxfire (safe; 8% risk of failure)
Confirm with . or Enter, or press ? or * to list all spells.
You conjure some foxfire!
The foxfire hits the jackal.
You kill the jackal!
The jackal barely misses you.
The foxfire hits the jackal.
The jackal is severely wounded.
The jackal bites you.
You die...

.[###.#.#.#.#.#####
.....^..#.#.......#
###.#.###.###.#.#.#
#.#......<......#.#
#.#.#.###.###.#.#.#
#.......#.#.......#
#####.#.#.#.#.###.#
#.........##.h#
###.#.#.####@##
#.....#....# #.#
#.###.#...## # #.#
### #.#.#.# # #.#
#.#.#.# # #)#
#.#.#.# # #.#
#.#.#.# #
#.#######.#.#.# #
#...........#.#


You could see a jackal.

Vanquished Creatures
  2 dart slugs (D:1)
  A ball python (D:1)
  2 endoplasms (D:1)
  A giant cockroach (D:1)
  3 hobgoblins (D:1)
  2 jackals (D:1)
  A bat (D:1)
  A frilled lizard (D:1)
  A goblin (D:1)
  2 kobolds (D:1)
  2 rats (D:1)
18 creatures vanquished.

Vanquished Creatures (others)
  57 foxfires (D:1)
57 creatures vanquished.

Grand Total: 75 creatures vanquished

Notes
Turn   | Place    | Note
-------+----------+-------------------------------------------
     0 | D:1      | Essalna the Demonspawn Fire Elementalist began the quest
                  | for the Orb.
     0 | D:1      | Reached XP level 1. HP: 13/13 MP: 3/3
   802 | D:1      | Gained mutation: You sometimes gain a little power by
                  | taking damage. [demonic ancestry]
   802 | D:1      | Reached XP level 2. HP: 19/19 MP: 1/5
   945 | D:1      | Reached skill level 3 in Fire Magic
  1262 | D:1      | Slain by a jackal

Illustrated notes

Levels and vault maps discovered:
D:1:      roderic_chinese_lattice_arrival, layout_loops_ring,
          hellmonk_ecumenical_altar_run_dry, minmay_misc_feat_square
D:2:      layout_loops_ring, nrook_loot_triangle, minmay_bisected

Skill      XL: |  1  2 |
---------------+-------+-----
Fire Magic     | 3 |  3.0
Dodging        | |  1.7
Stealth        | |  1.7
Spellcasting   | |  2.4
Conjurations   | |  1.8

Action                   || total
-------------------------++-------
Melee: Short sword       ||    27
       Unarmed           ||     9
 Cast: Foxfire           ||    37
Armor: Robe              ||    21
Dodge: Dodged            ||    50

Table legend: (Time is in decaauts)
 A = Elapsed time spent in this place.
 B = Non-inter-level travel time spent in this place.
 C = Inter-level travel time spent in this place.
 D = Time resting spent in this place.
 E = Time spent auto-exploring this place.
 F = Levels seen in this place.
 G = Mean time per level.
                   A        B        C        D        E       F      G
               +--------+--------+--------+--------+--------+-----+--------+
         Total |   1264 |   1264 |      0 |    139 |    957 |   2 |  632.0 |
       Dungeon |   1264 |   1264 |      0 |    139 |    957 |   2 |  632.0 |
               +--------+--------+--------+--------+--------+-----+--------+

Top non-repeatable levels by time:
     D:1: 1123 daAuts
     D:2: 140 daAuts
